[ AOE2 MATCH · #484258039 ]
UnrankedHuns vs Magyars
[ REPLAY ANALYSIS · EXTRACTED FROM THE RECORDED GAME ]
Feudal
15:54
Castle
22:10
Imperial
—
| APM avg | 22.5 |
| APM peak | 80 |
| eAPM avg | 5.7 |
| Villagers / military | 30 / 0 |
Focus
⚔️ 4.6% · 🌾 95.4%
Fishing Ship ×11
Feudal
15:54
Castle
—
Imperial
—
| APM avg | 16.1 |
| APM peak | 55 |
| eAPM avg | 7.3 |
| Villagers / military | 37 / 3 |
Focus
⚔️ 8.0% · 🌾 92.0%
Fishing Ship ×12 · Fire Galley ×3 · Unknown (2626) ×3
Feudal
16:21
Castle
—
Imperial
—
| APM avg | 21.3 |
| APM peak | 58 |
| eAPM avg | 11.7 |
| Villagers / military | 51 / 28 |
Focus
⚔️ 18.8% · 🌾 81.2%
Fishing Ship ×21 · Galley ×16 · Fire Galley ×12 · Unknown (2626) ×2
Feudal
14:20
Castle
17:53
Imperial
—
| APM avg | 30.9 |
| APM peak | 89 |
| eAPM avg | 11.2 |
| Villagers / military | 49 / 1 |
Focus
⚔️ 18.8% · 🌾 81.2%
Fishing Ship ×19 · Unknown (2626) ×4 · Demolition Raft ×1
Feudal
15:50
Castle
20:35
Imperial
—
| APM avg | 14.7 |
| APM peak | 44 |
| eAPM avg | 9.2 |
| Villagers / military | 43 / 0 |
Focus
⚔️ 0.6% · 🌾 99.4%
Fishing Ship ×7
Feudal
15:02
Castle
21:15
Imperial
—
| APM avg | 19.7 |
| APM peak | 41 |
| eAPM avg | 10.7 |
| Villagers / military | 36 / 8 |
Focus
⚔️ 21.0% · 🌾 79.0%
Fishing Ship ×11 · Fire Galley ×4 · Unknown (2626) ×4 · Militia ×2 · Ratha (Ranged) ×2 · Trade Cart ×1
Feudal
14:20
Castle
22:06
Imperial
—
| APM avg | 16.1 |
| APM peak | 35 |
| eAPM avg | 10.7 |
| Villagers / military | 53 / 0 |
Focus
⚔️ 17.7% · 🌾 82.3%
Fishing Ship ×21
Feudal
17:10
Castle
24:14
Imperial
—
| APM avg | 14.3 |
| APM peak | 54 |
| eAPM avg | 11.1 |
| Villagers / military | 41 / 3 |
Focus
⚔️ 19.0% · 🌾 81.0%
Fishing Ship ×11 · Fire Galley ×3 · Unknown (2626) ×2
Match map
Initial resources + every placement click. Lines = walls · curves = elevation contours. ◆ gold · ⬟ stone · ● berries · ✦ relic · ◌ wall gap
Your base· Open — 7t gap
Fujitora's base· Open — 12t gap
在里面's base· Open — 13t gap
不吃五花肉's base· Open — 11t gap
ULG_1's base· Open — unwalled flank
newkenneth17's base· Open — 9t gap
Loki's base· Open — 10t gap
Luftwaffe's base· Open — unwalled flank
Smoothed initial terrain · ◌ = detected wall gap · hover for details
Inputs per minute
— Kirito Wizard - - Fujitora
Build order — Kirito Wizard
59 actions detected in the replay
| 1:55 | Build | Town Center |
| 4:29 | Create | Villager (Male) |
| 4:30 | Create | Villager (Male) |
| 4:30 | Create | Villager (Male) |
| 4:30 | Create | Villager (Male) |
| 4:31 | Create | Villager (Male) |
| 6:21 | Create | Villager (Male) |
| 6:21 | Create | Villager (Male) |
| 6:21 | Create | Villager (Male) |
| 6:57 | Create | Villager (Male) |
| 6:57 | Create | Villager (Male) |
| 7:39 | Create | Villager (Male) |
| 7:40 | Create | Villager (Male) |
| 7:40 | Create | Villager (Male) |
| 8:06 | Create | Villager (Male) |
| 8:07 | Create | Villager (Male) |
| 8:10 | Build | Lumber Camp |
| 8:50 | Create | Villager (Male) |
| 8:50 | Create | Villager (Male) |
| 8:50 | Create | Villager (Male) |
| 8:51 | Create | Villager (Male) |
| 10:18 | Create | Villager (Male) |
| 10:18 | Create | Villager (Male) |
| 11:04 | Create | Villager (Male) |
| 11:05 | Create | Villager (Male) |
| 11:05 | Create | Villager (Male) |
| 12:57 | Research | Loom |
| 13:11 | Build | Dock |
| 13:44 | Research | Feudal Age |
| 13:57 | Build | Mining Camp |
| 14:22 | Build | Lumber Camp |
| 14:27 | Create | Fishing Ship |
| 14:27 | Create | Fishing Ship |
| 14:51 | Build | Mining Camp |
| 14:58 | Create | Villager (Male) |
| 15:16 | Create | Fishing Ship |
| 15:31 | Build | Mill |
| 15:47 | Build | Mill |
| 15:54 | Age | Feudal Age |
| 16:03 | Create | Villager (Male) |
| 16:13 | Research | Double-Bit Axe |
| 16:25 | Create | Villager (Male) |
| 16:31 | Create | Fishing Ship |
| 16:32 | Create | Fishing Ship |
| 17:41 | Create | Fishing Ship |
| 17:42 | Create | Fishing Ship |
| 17:44 | Create | Villager (Male) |
| 17:45 | Create | Villager (Male) |
| 17:45 | Create | Villager (Male) |
| 18:11 | Build | Market |
| 18:45 | Build | Blacksmith |
| 19:00 | Create | Fishing Ship |
| 19:30 | Research | Castle Age |
| 21:11 | Research | Horse Collar |
| 21:14 | Create | Fishing Ship |
| 21:15 | Create | Fishing Ship |
| 21:15 | Create | Fishing Ship |
| 21:31 | Build | Barracks |
| 22:10 | Age | Castle Age |
Build order — Fujitora
98 actions detected in the replay
| 1:35 | Build | Dock |
| 1:37 | Build | House |
| 1:38 | Build | House |
| 2:21 | Build | Town Center |
| 4:57 | Create | Villager (Male) |
| 4:57 | Create | Villager (Male) |
| 4:58 | Create | Villager (Male) |
| 4:58 | Create | Villager (Male) |
| 4:58 | Create | Villager (Male) |
| 4:59 | Research | Loom |
| 5:25 | Create | Villager (Male) |
| 5:26 | Create | Villager (Male) |
| 6:52 | Create | Fishing Ship |
| 7:00 | Create | Villager (Male) |
| 7:26 | Create | Fishing Ship |
| 8:03 | Create | Fishing Ship |
| 8:37 | Create | Villager (Male) |
| 8:56 | Create | Fishing Ship |
| 9:26 | Create | Fishing Ship |
| 9:28 | Create | Villager (Male) |
| 9:45 | Create | Villager (Male) |
| 10:07 | Create | Fishing Ship |
| 10:20 | Create | Villager (Male) |
| 10:31 | Create | Villager (Male) |
| 10:52 | Create | Fishing Ship |
| 11:03 | Build | House |
| 11:12 | Create | Villager (Male) |
| 11:27 | Build | House |
| 12:01 | Create | Villager (Male) |
| 12:11 | Create | Fishing Ship |
| 12:24 | Build | Lumber Camp |
| 12:28 | Create | Villager (Male) |
| 12:46 | Create | Fishing Ship |
| 12:48 | Create | Villager (Male) |
| 13:15 | Create | Villager (Male) |
| 13:22 | Build | Mining Camp |
| 13:37 | Create | Fishing Ship |
| 13:44 | Research | Feudal Age |
| 13:49 | Build | Mining Camp |
| 14:19 | Create | Fishing Ship |
| 14:53 | Build | House |
| 14:57 | Build | House |
| 14:59 | Build | House |
| 15:02 | Build | House |
| 15:08 | Build | Palisade Gate |
| 15:18 | Create | Villager (Male) |
| 15:25 | Create | Fishing Ship |
| 15:54 | Age | Feudal Age |
| 16:11 | Create | Fire Galley |
| 16:13 | Create | Fire Galley |
| 16:21 | Create | Villager (Male) |
| 16:28 | Build | Mill |
| 16:46 | Create | Villager (Male) |
| 17:11 | Build | Barracks |
| 17:15 | Create | Villager (Male) |
| 17:39 | Create | Unit 2626 |
| 18:02 | Create | Villager (Male) |
| 18:02 | Create | Villager (Male) |
| 18:03 | Create | Villager (Male) |
| 18:14 | Build | Watch Tower |
| 18:18 | Create | Villager (Male) |
| 18:18 | Create | Villager (Male) |
| 18:20 | Build | Farm |
| 18:21 | Build | Farm |
| 18:22 | Build | Farm |
| 18:42 | Create | Fire Galley |
| 18:52 | Build | Watch Tower |
| 19:20 | Build | Watch Tower |
| 19:26 | Create | Villager (Male) |
| 19:26 | Create | Villager (Male) |
| 19:31 | Create | Unit 2626 |
| 19:50 | Create | Villager (Male) |
| 19:50 | Create | Villager (Male) |
| 20:13 | Build | Mill |
| 20:38 | Build | Blacksmith |
| 20:44 | Build | Blacksmith |
| 21:04 | Create | Unit 2626 |
| 21:26 | Build | Watch Tower |
| 21:31 | Research | Tech 906 |
| 21:34 | Create | Villager (Male) |
| 21:34 | Create | Villager (Male) |
| 21:59 | Build | House |
| 22:02 | Build | House |
| 22:03 | Build | House |
| 22:05 | Build | House |
| 22:18 | Build | Farm |
| 22:19 | Build | Farm |
| 22:20 | Build | Farm |
| 22:24 | Build | Farm |
| 22:39 | Build | Farm |
| 22:43 | Create | Villager (Male) |
| 22:44 | Create | Villager (Male) |
| 23:10 | Build | House |
| 23:12 | Build | House |
| 23:13 | Build | House |
| 23:23 | Create | Villager (Male) |
| 23:24 | Create | Villager (Male) |
| 23:47 | Build | Market |
Build order — 在里面
131 actions detected in the replay
| 0:43 | Build | Town Center |
| 1:43 | Build | Dock |
| 1:46 | Build | House |
| 1:50 | Build | House |
| 3:04 | Create | Villager (Male) |
| 3:04 | Create | Villager (Male) |
| 3:05 | Create | Villager (Male) |
| 3:05 | Create | Villager (Male) |
| 3:05 | Create | Villager (Male) |
| 3:59 | Research | Loom |
| 5:04 | Create | Villager (Male) |
| 5:05 | Create | Villager (Male) |
| 5:14 | Create | Villager (Male) |
| 5:15 | Create | Villager (Male) |
| 5:15 | Create | Villager (Male) |
| 5:47 | Create | Villager (Male) |
| 5:47 | Create | Villager (Male) |
| 6:16 | Create | Villager (Male) |
| 6:17 | Create | Villager (Male) |
| 7:00 | Create | Fishing Ship |
| 7:10 | Create | Villager (Male) |
| 7:10 | Create | Villager (Male) |
| 7:26 | Create | Villager (Male) |
| 7:26 | Create | Villager (Male) |
| 7:26 | Create | Villager (Male) |
| 7:47 | Create | Fishing Ship |
| 7:47 | Create | Fishing Ship |
| 7:47 | Create | Fishing Ship |
| 8:00 | Create | Villager (Male) |
| 8:00 | Create | Villager (Male) |
| 8:36 | Create | Villager (Male) |
| 8:37 | Create | Villager (Male) |
| 8:45 | Build | Dock |
| 8:50 | Build | House |
| 8:56 | Create | Villager (Male) |
| 8:57 | Create | Villager (Male) |
| 9:18 | Build | House |
| 9:19 | Build | House |
| 9:54 | Build | House |
| 9:55 | Build | House |
| 9:57 | Create | Fishing Ship |
| 9:57 | Create | Fishing Ship |
| 10:00 | Create | Villager (Male) |
| 10:00 | Create | Villager (Male) |
| 10:00 | Create | Villager (Male) |
| 10:46 | Create | Fishing Ship |
| 10:46 | Create | Fishing Ship |
| 10:48 | Create | Fishing Ship |
| 10:48 | Create | Fishing Ship |
| 10:51 | Create | Villager (Male) |
| 10:51 | Create | Villager (Male) |
| 10:51 | Create | Villager (Male) |
| 11:16 | Create | Villager (Male) |
| 11:32 | Build | Dock |
| 11:42 | Create | Villager (Male) |
| 11:44 | Create | Fishing Ship |
| 11:45 | Create | Fishing Ship |
| 12:20 | Build | Dock |
| 12:24 | Build | House |
| 12:42 | Create | Villager (Male) |
| 12:43 | Create | Villager (Male) |
| 12:57 | Create | Fishing Ship |
| 12:58 | Create | Fishing Ship |
| 12:58 | Create | Fishing Ship |
| 12:58 | Create | Fishing Ship |
| 13:30 | Build | Lumber Camp |
| 13:36 | Build | Lumber Camp |
| 13:46 | Create | Villager (Male) |
| 13:47 | Create | Villager (Male) |
| 14:06 | Research | Feudal Age |
| 14:53 | Build | Mill |
| 15:13 | Create | Fishing Ship |
| 15:19 | Create | Fishing Ship |
| 15:19 | Create | Fishing Ship |
| 15:20 | Create | Fishing Ship |
| 15:20 | Create | Fishing Ship |
| 15:48 | Build | Dock |
| 16:21 | Age | Feudal Age |
| 16:25 | Create | Fire Galley |
| 16:26 | Create | Fire Galley |
| 16:26 | Create | Fire Galley |
| 16:26 | Create | Fire Galley |
| 16:27 | Create | Fire Galley |
| 16:37 | Build | House |
| 16:39 | Build | House |
| 16:41 | Build | House |
| 16:46 | Research | Double-Bit Axe |
| 16:52 | Create | Galley |
| 16:52 | Create | Galley |
| 16:57 | Create | Villager (Male) |
| 16:57 | Create | Villager (Male) |
| 16:57 | Create | Villager (Male) |
| 16:57 | Create | Villager (Male) |
| 16:58 | Create | Villager (Male) |
| 17:18 | Create | Galley |
| 17:19 | Create | Galley |
| 17:19 | Create | Galley |
| 17:37 | Create | Galley |
| 17:37 | Create | Galley |
| 18:05 | Create | Unit 2626 |
| 18:05 | Create | Unit 2626 |
| 18:13 | Build | House |
| 18:14 | Build | House |
| 18:17 | Build | House |
| 18:21 | Create | Villager (Male) |
| 18:23 | Create | Villager (Male) |
| 18:28 | Build | Mining Camp |
| 18:57 | Create | Galley |
| 18:58 | Create | Galley |
| 18:58 | Create | Galley |
| 19:00 | Create | Fire Galley |
| 19:00 | Create | Fire Galley |
| 19:00 | Create | Fire Galley |
| 19:19 | Create | Villager (Male) |
| 19:20 | Create | Villager (Male) |
| 19:20 | Create | Villager (Male) |
| 20:20 | Create | Galley |
| 20:20 | Create | Galley |
| 20:20 | Create | Galley |
| 20:20 | Create | Galley |
| 20:21 | Create | Galley |
| 20:21 | Create | Galley |
| 20:37 | Build | Farm |
| 21:09 | Create | Fire Galley |
| 21:10 | Create | Fire Galley |
| 21:10 | Create | Fire Galley |
| 21:10 | Create | Fire Galley |
| 21:16 | Create | Villager (Male) |
| 21:16 | Create | Villager (Male) |
| 21:17 | Create | Villager (Male) |
| 21:17 | Create | Villager (Male) |
Build order — 不吃五花肉
113 actions detected in the replay
| 1:04 | Build | Town Center |
| 1:31 | Build | Dock |
| 1:39 | Build | House |
| 2:11 | Build | Dock |
| 3:23 | Create | Villager (Male) |
| 3:29 | Create | Villager (Male) |
| 3:42 | Create | Villager (Male) |
| 3:44 | Create | Villager (Male) |
| 4:28 | Create | Fishing Ship |
| 4:49 | Create | Villager (Male) |
| 5:33 | Create | Villager (Male) |
| 5:44 | Create | Fishing Ship |
| 5:54 | Create | Villager (Male) |
| 6:23 | Create | Villager (Male) |
| 6:54 | Create | Villager (Male) |
| 7:06 | Create | Villager (Male) |
| 7:31 | Build | House |
| 7:38 | Create | Villager (Male) |
| 7:57 | Build | House |
| 7:59 | Build | House |
| 8:07 | Create | Fishing Ship |
| 8:07 | Create | Fishing Ship |
| 8:10 | Create | Villager (Male) |
| 8:28 | Create | Villager (Male) |
| 8:44 | Create | Villager (Male) |
| 8:54 | Create | Fishing Ship |
| 8:55 | Create | Fishing Ship |
| 9:31 | Build | Mill |
| 9:38 | Create | Villager (Male) |
| 9:58 | Create | Villager (Male) |
| 10:04 | Create | Fishing Ship |
| 10:07 | Create | Villager (Male) |
| 10:33 | Create | Fishing Ship |
| 10:40 | Create | Villager (Male) |
| 10:43 | Create | Villager (Male) |
| 11:38 | Research | Feudal Age |
| 11:44 | Create | Villager (Male) |
| 11:49 | Create | Villager (Male) |
| 12:03 | Research | Feudal Age |
| 12:14 | Build | Dock |
| 12:19 | Create | Fishing Ship |
| 12:32 | Build | House |
| 12:33 | Build | House |
| 13:03 | Create | Fishing Ship |
| 13:20 | Build | Lumber Camp |
| 14:01 | Create | Fishing Ship |
| 14:08 | Create | Villager (Male) |
| 14:08 | Create | Villager (Male) |
| 14:20 | Age | Feudal Age |
| 14:23 | Build | Farm |
| 14:28 | Build | Market |
| 14:32 | Build | Blacksmith |
| 14:48 | Build | Farm |
| 14:50 | Create | Villager (Male) |
| 15:13 | Research | Castle Age |
| 15:26 | Create | Fishing Ship |
| 15:26 | Create | Fishing Ship |
| 15:49 | Research | Double-Bit Axe |
| 16:13 | Build | Lumber Camp |
| 16:34 | Build | Farm |
| 17:53 | Age | Castle Age |
| 17:56 | Build | Town Center |
| 18:04 | Build | Town Center |
| 18:08 | Create | Villager (Male) |
| 18:08 | Create | Villager (Male) |
| 18:22 | Create | Fishing Ship |
| 18:22 | Create | Fishing Ship |
| 18:32 | Create | Fishing Ship |
| 18:33 | Create | Fishing Ship |
| 18:35 | Create | Villager (Male) |
| 19:30 | Create | Demolition Raft |
| 20:02 | Create | Unit 2626 |
| 20:03 | Create | Unit 2626 |
| 20:16 | Build | Barracks |
| 20:19 | Create | Villager (Male) |
| 20:19 | Create | Villager (Male) |
| 20:19 | Create | Villager (Male) |
| 20:51 | Create | Villager (Male) |
| 20:52 | Create | Villager (Male) |
| 20:55 | Build | Farm |
| 20:57 | Create | Villager (Male) |
| 20:58 | Create | Villager (Male) |
| 21:03 | Create | Villager (Male) |
| 21:03 | Create | Villager (Male) |
| 21:11 | Research | Wheelbarrow |
| 21:17 | Build | Stone Wall |
| 21:20 | Create | Villager (Male) |
| 21:23 | Create | Villager (Male) |
| 21:26 | Create | Villager (Male) |
| 21:29 | Create | Villager (Male) |
| 21:30 | Create | Villager (Male) |
| 21:39 | Research | Tech 906 |
| 22:02 | Create | Unit 2626 |
| 22:02 | Create | Unit 2626 |
| 22:19 | Build | House |
| 22:27 | Create | Villager (Male) |
| 22:27 | Create | Villager (Male) |
| 22:47 | Build | House |
| 22:53 | Build | Stone Wall |
| 23:06 | Create | Villager (Male) |
| 23:07 | Create | Villager (Male) |
| 23:07 | Create | Villager (Male) |
| 23:13 | Create | Villager (Male) |
| 23:17 | Create | Villager (Male) |
| 23:20 | Create | Villager (Male) |
| 23:30 | Build | Gate |
| 23:34 | Build | Farm |
| 23:34 | Build | Farm |
| 23:51 | Build | Dock |
| 23:53 | Build | Dock |
| 23:56 | Create | Fishing Ship |
| 23:56 | Create | Fishing Ship |
| 24:07 | Build | House |
Build order — ULG_1
87 actions detected in the replay
| 0:45 | Build | Town Center |
| 1:11 | Build | Town Center |
| 2:35 | Build | House |
| 2:36 | Build | House |
| 3:18 | Create | Villager (Male) |
| 3:18 | Create | Villager (Male) |
| 3:18 | Create | Villager (Male) |
| 3:18 | Create | Villager (Male) |
| 4:07 | Build | Dock |
| 4:32 | Create | Villager (Male) |
| 4:33 | Create | Villager (Male) |
| 5:13 | Create | Villager (Male) |
| 5:14 | Create | Villager (Male) |
| 5:42 | Create | Villager (Male) |
| 5:42 | Create | Villager (Male) |
| 6:11 | Create | Villager (Male) |
| 6:12 | Create | Villager (Male) |
| 6:12 | Create | Villager (Male) |
| 6:37 | Create | Villager (Male) |
| 6:37 | Create | Villager (Male) |
| 6:37 | Create | Villager (Male) |
| 6:38 | Create | Villager (Male) |
| 6:53 | Build | House |
| 6:58 | Build | House |
| 7:19 | Create | Villager (Male) |
| 7:19 | Create | Villager (Male) |
| 7:57 | Create | Villager (Male) |
| 7:58 | Create | Villager (Male) |
| 8:05 | Create | Fishing Ship |
| 8:28 | Create | Fishing Ship |
| 8:52 | Create | Villager (Male) |
| 8:52 | Create | Villager (Male) |
| 9:04 | Build | Mill |
| 9:32 | Create | Villager (Male) |
| 9:32 | Create | Villager (Male) |
| 9:36 | Create | Fishing Ship |
| 9:55 | Build | House |
| 9:56 | Build | House |
| 10:08 | Create | Villager (Male) |
| 10:14 | Create | Fishing Ship |
| 10:50 | Create | Fishing Ship |
| 10:57 | Create | Villager (Male) |
| 10:57 | Create | Villager (Male) |
| 10:58 | Create | Villager (Male) |
| 11:17 | Build | Farm |
| 11:18 | Build | Farm |
| 11:36 | Create | Fishing Ship |
| 11:53 | Build | Farm |
| 11:55 | Build | Farm |
| 12:08 | Build | Farm |
| 12:16 | Create | Villager (Male) |
| 12:27 | Create | Fishing Ship |
| 12:57 | Build | Mining Camp |
| 13:03 | Create | Villager (Male) |
| 13:35 | Build | Mining Camp |
| 13:40 | Research | Feudal Age |
| 14:46 | Build | Farm |
| 15:00 | Build | Mining Camp |
| 15:41 | Create | Villager (Male) |
| 15:41 | Create | Villager (Male) |
| 15:41 | Create | Villager (Male) |
| 15:42 | Create | Villager (Male) |
| 15:47 | Create | Villager (Male) |
| 15:50 | Age | Feudal Age |
| 16:22 | Build | Market |
| 16:48 | Build | Blacksmith |
| 17:23 | Build | Mill |
| 17:49 | Research | Castle Age |
| 18:08 | Build | Mining Camp |
| 18:44 | Build | Lumber Camp |
| 19:14 | Research | Double-Bit Axe |
| 19:27 | Research | Horse Collar |
| 19:50 | Build | House |
| 19:52 | Build | House |
| 20:08 | Build | Farm |
| 20:10 | Build | Farm |
| 20:35 | Age | Castle Age |
| 20:41 | Build | Town Center |
| 21:28 | Build | Farm |
| 21:30 | Build | Farm |
| 21:59 | Create | Villager (Male) |
| 21:59 | Create | Villager (Male) |
| 21:59 | Create | Villager (Male) |
| 22:00 | Create | Villager (Male) |
| 22:00 | Create | Villager (Male) |
| 22:00 | Create | Villager (Male) |
| 22:01 | Create | Villager (Male) |
Build order — newkenneth17
116 actions detected in the replay
| 0:10 | Build | House |
| 0:16 | Build | House |
| 1:02 | Build | Town Center |
| 1:59 | Build | Dock |
| 3:17 | Create | Villager (Male) |
| 3:18 | Create | Villager (Male) |
| 3:18 | Create | Villager (Male) |
| 3:18 | Create | Villager (Male) |
| 3:19 | Create | Villager (Male) |
| 3:21 | Research | Loom |
| 4:45 | Create | Villager (Male) |
| 5:04 | Create | Fishing Ship |
| 5:20 | Create | Villager (Male) |
| 6:09 | Create | Villager (Male) |
| 6:14 | Create | Fishing Ship |
| 6:43 | Create | Fishing Ship |
| 6:47 | Create | Villager (Male) |
| 6:48 | Create | Villager (Male) |
| 7:11 | Create | Fishing Ship |
| 7:27 | Create | Villager (Male) |
| 7:27 | Create | Villager (Male) |
| 7:27 | Create | Villager (Male) |
| 8:01 | Build | House |
| 8:07 | Create | Fishing Ship |
| 8:16 | Build | House |
| 8:21 | Create | Villager (Male) |
| 8:37 | Create | Villager (Male) |
| 8:45 | Build | House |
| 9:03 | Create | Villager (Male) |
| 9:11 | Create | Fishing Ship |
| 9:28 | Create | Villager (Male) |
| 9:36 | Build | Palisade Wall |
| 9:42 | Build | Palisade Gate |
| 9:46 | Create | Villager (Male) |
| 9:59 | Create | Fishing Ship |
| 10:17 | Build | Dock |
| 10:22 | Create | Villager (Male) |
| 10:45 | Create | Fishing Ship |
| 10:48 | Create | Villager (Male) |
| 10:52 | Create | Villager (Male) |
| 11:07 | Create | Fishing Ship |
| 11:18 | Create | Villager (Male) |
| 11:29 | Build | Mining Camp |
| 11:50 | Build | Palisade Wall |
| 12:15 | Build | Mill |
| 12:28 | Create | Fishing Ship |
| 12:52 | Research | Feudal Age |
| 13:14 | Build | Mining Camp |
| 13:24 | Build | House |
| 13:44 | Build | Lumber Camp |
| 13:50 | Create | Villager (Male) |
| 14:53 | Build | Palisade Wall |
| 14:53 | Build | Palisade Wall |
| 15:01 | Create | Villager (Male) |
| 15:02 | Age | Feudal Age |
| 15:12 | Build | Stone Wall |
| 15:15 | Build | Gate |
| 15:26 | Build | Outpost |
| 15:32 | Build | Barracks |
| 15:43 | Create | Unit 2626 |
| 15:43 | Create | Unit 2626 |
| 15:51 | Create | Villager (Male) |
| 15:55 | Create | Villager (Male) |
| 16:14 | Build | Stone Wall |
| 16:17 | Build | Stone Wall |
| 16:25 | Build | Gate |
| 16:28 | Create | Villager (Male) |
| 16:32 | Build | Market |
| 16:52 | Build | Palisade Wall |
| 17:04 | Create | Villager (Male) |
| 17:15 | Create | Trade Cart |
| 17:39 | Create | Villager (Male) |
| 17:49 | Build | Blacksmith |
| 18:11 | Build | House |
| 18:13 | Build | House |
| 18:35 | Research | Castle Age |
| 18:50 | Research | Double-Bit Axe |
| 18:52 | Create | Villager (Male) |
| 18:55 | Build | Farm |
| 18:56 | Build | Farm |
| 19:00 | Create | Fire Galley |
| 19:00 | Create | Fire Galley |
| 19:00 | Create | Fire Galley |
| 19:12 | Build | House |
| 19:22 | Research | Horse Collar |
| 19:26 | Research | Gold Mining |
| 19:48 | Research | Man-at-Arms (upgrade) |
| 19:55 | Create | Unit 2626 |
| 19:55 | Create | Unit 2626 |
| 20:13 | Build | House |
| 20:14 | Build | House |
| 20:23 | Research | Stone Mining |
| 20:42 | Create | Fire Galley |
| 20:46 | Create | Villager (Male) |
| 20:48 | Create | Militia |
| 20:59 | Build | Farm |
| 21:02 | Build | Farm |
| 21:10 | Create | Militia |
| 21:15 | Age | Castle Age |
| 21:24 | Build | Castle |
| 21:30 | Build | House |
| 21:36 | Build | Stone Wall |
| 21:38 | Build | Gate |
| 22:26 | Create | Villager (Male) |
| 22:27 | Create | Villager (Male) |
| 23:11 | Build | Farm |
| 23:12 | Create | Villager (Male) |
| 23:21 | Build | Town Center |
| 23:39 | Build | Farm |
| 23:42 | Create | Ratha (Ranged) |
| 23:43 | Create | Ratha (Ranged) |
| 23:49 | Research | Tech 906 |
| 23:51 | Create | Fishing Ship |
| 23:59 | Create | Villager (Male) |
| 24:08 | Create | Villager (Male) |
| 24:13 | Research | Bow Saw |
Build order — Loki
109 actions detected in the replay
| 0:33 | Build | Town Center |
| 0:53 | Build | Dock |
| 0:58 | Build | House |
| 2:02 | Build | House |
| 3:09 | Create | Villager (Male) |
| 3:09 | Create | Villager (Male) |
| 3:09 | Create | Villager (Male) |
| 3:10 | Create | Villager (Male) |
| 3:10 | Create | Villager (Male) |
| 3:10 | Create | Villager (Male) |
| 3:10 | Create | Villager (Male) |
| 3:58 | Create | Villager (Male) |
| 3:58 | Create | Villager (Male) |
| 3:58 | Create | Villager (Male) |
| 4:27 | Create | Villager (Male) |
| 4:27 | Create | Villager (Male) |
| 4:27 | Create | Villager (Male) |
| 5:01 | Create | Villager (Male) |
| 5:01 | Create | Villager (Male) |
| 5:02 | Create | Villager (Male) |
| 5:26 | Create | Villager (Male) |
| 5:27 | Create | Villager (Male) |
| 6:03 | Create | Villager (Male) |
| 6:03 | Create | Villager (Male) |
| 6:28 | Create | Villager (Male) |
| 6:29 | Create | Villager (Male) |
| 6:29 | Create | Villager (Male) |
| 7:17 | Create | Villager (Male) |
| 7:17 | Create | Villager (Male) |
| 7:17 | Create | Villager (Male) |
| 7:19 | Create | Villager (Male) |
| 7:33 | Build | Mill |
| 8:01 | Create | Villager (Male) |
| 8:01 | Create | Villager (Male) |
| 8:02 | Create | Villager (Male) |
| 9:09 | Create | Villager (Male) |
| 9:10 | Create | Villager (Male) |
| 9:10 | Create | Villager (Male) |
| 9:15 | Create | Villager (Male) |
| 9:16 | Create | Villager (Male) |
| 9:16 | Create | Villager (Male) |
| 9:23 | Create | Villager (Male) |
| 9:23 | Create | Villager (Male) |
| 9:24 | Create | Villager (Male) |
| 9:24 | Create | Villager (Male) |
| 9:28 | Create | Fishing Ship |
| 9:35 | Create | Fishing Ship |
| 10:09 | Create | Villager (Male) |
| 10:09 | Create | Villager (Male) |
| 10:10 | Create | Villager (Male) |
| 10:10 | Create | Villager (Male) |
| 10:24 | Create | Fishing Ship |
| 10:28 | Build | House |
| 10:29 | Build | House |
| 10:32 | Build | House |
| 11:31 | Create | Fishing Ship |
| 11:37 | Build | Dock |
| 11:41 | Research | Feudal Age |
| 11:51 | Build | Lumber Camp |
| 12:12 | Build | Mining Camp |
| 12:30 | Create | Fishing Ship |
| 12:46 | Create | Fishing Ship |
| 12:49 | Create | Fishing Ship |
| 13:10 | Create | Fishing Ship |
| 13:39 | Create | Fishing Ship |
| 13:40 | Create | Fishing Ship |
| 13:49 | Create | Fishing Ship |
| 13:52 | Create | Villager (Male) |
| 13:57 | Research | Loom |
| 14:03 | Create | Villager (Male) |
| 14:20 | Age | Feudal Age |
| 14:32 | Build | Market |
| 14:41 | Research | Double-Bit Axe |
| 15:03 | Build | House |
| 15:09 | Build | Blacksmith |
| 15:23 | Create | Villager (Male) |
| 15:25 | Research | Loom |
| 15:27 | Create | Villager (Male) |
| 15:33 | Build | Mining Camp |
| 15:39 | Build | House |
| 15:41 | Build | House |
| 16:11 | Create | Fishing Ship |
| 16:12 | Create | Fishing Ship |
| 16:24 | Create | Villager (Male) |
| 16:45 | Build | Lumber Camp |
| 16:51 | Create | Villager (Male) |
| 17:06 | Build | Barracks |
| 17:24 | Build | Dock |
| 17:29 | Create | Villager (Male) |
| 17:44 | Research | Stone Mining |
| 17:46 | Create | Villager (Male) |
| 18:06 | Create | Villager (Male) |
| 18:21 | Build | Barracks |
| 19:00 | Create | Fishing Ship |
| 19:00 | Create | Fishing Ship |
| 19:03 | Create | Fishing Ship |
| 19:23 | Build | Mining Camp |
| 19:26 | Research | Castle Age |
| 20:00 | Create | Fishing Ship |
| 20:00 | Create | Fishing Ship |
| 20:01 | Create | Fishing Ship |
| 20:01 | Create | Fishing Ship |
| 20:04 | Create | Fishing Ship |
| 20:13 | Research | Tech 906 |
| 20:21 | Build | Fish Trap |
| 20:24 | Build | Fish Trap |
| 20:51 | Build | Fish Trap |
| 21:33 | Build | Fish Trap |
| 22:06 | Age | Castle Age |
Build order — Luftwaffe
106 actions detected in the replay
| 0:47 | Build | Town Center |
| 3:08 | Create | Villager (Male) ×4 |
| 4:00 | Build | House |
| 4:02 | Build | House |
| 4:09 | Research | Loom |
| 4:16 | Create | Villager (Male) |
| 4:16 | Create | Villager (Male) |
| 4:17 | Create | Villager (Male) |
| 4:58 | Create | Villager (Male) |
| 4:58 | Create | Villager (Male) |
| 5:30 | Create | Villager (Male) |
| 5:31 | Create | Villager (Male) |
| 5:39 | Create | Villager (Male) |
| 5:39 | Create | Villager (Male) |
| 6:03 | Build | Dock |
| 6:22 | Create | Villager (Male) |
| 6:52 | Create | Fishing Ship |
| 7:12 | Create | Villager (Male) |
| 7:24 | Create | Fishing Ship |
| 8:12 | Create | Fishing Ship |
| 8:32 | Create | Fishing Ship |
| 8:42 | Create | Villager (Male) ×3 |
| 8:53 | Create | Villager (Male) |
| 8:53 | Create | Villager (Male) |
| 9:22 | Build | House |
| 9:25 | Create | Villager (Male) |
| 9:25 | Create | Villager (Male) |
| 9:28 | Create | Fishing Ship |
| 9:57 | Create | Villager (Male) |
| 10:02 | Build | House |
| 10:18 | Build | Palisade Wall |
| 10:20 | Build | Palisade Gate |
| 10:23 | Create | Villager (Male) |
| 10:34 | Build | Mining Camp |
| 10:36 | Create | Villager (Male) |
| 10:48 | Build | Palisade Wall |
| 10:51 | Build | Palisade Wall |
| 10:53 | Create | Villager (Male) |
| 11:02 | Create | Fishing Ship |
| 11:32 | Create | Villager (Male) |
| 12:00 | Build | Palisade Wall |
| 12:12 | Create | Villager (Male) |
| 12:25 | Build | Palisade Wall |
| 12:32 | Create | Villager (Male) |
| 12:38 | Build | House |
| 12:40 | Build | House |
| 12:41 | Build | House |
| 12:45 | Create | Fishing Ship |
| 12:48 | Create | Villager (Male) |
| 12:57 | Build | Mill |
| 13:11 | Build | Mining Camp |
| 13:13 | Create | Villager (Male) |
| 13:38 | Build | Palisade Wall |
| 13:49 | Build | House |
| 13:51 | Build | House |
| 13:56 | Build | Palisade Wall |
| 13:57 | Build | Palisade Wall |
| 13:58 | Build | Palisade Wall |
| 14:00 | Build | Palisade Wall |
| 14:00 | Build | Palisade Wall |
| 14:02 | Create | Villager (Male) |
| 14:05 | Build | Farm |
| 14:06 | Build | Farm |
| 14:07 | Build | Farm |
| 14:41 | Build | Farm |
| 14:48 | Research | Feudal Age |
| 15:03 | Build | Palisade Wall |
| 15:11 | Build | Palisade Wall |
| 15:34 | Build | Palisade Wall |
| 15:54 | Build | Outpost |
| 16:16 | Create | Villager (Male) |
| 16:16 | Create | Villager (Male) |
| 16:29 | Create | Fishing Ship |
| 16:29 | Create | Fishing Ship |
| 16:53 | Build | Dock |
| 17:10 | Age | Feudal Age |
| 17:17 | Create | Unit 2626 |
| 17:17 | Create | Unit 2626 |
| 17:37 | Build | Dock |
| 17:46 | Create | Villager (Male) |
| 17:54 | Build | Lumber Camp |
| 17:59 | Research | Horse Collar |
| 18:03 | Research | Gold Mining |
| 18:08 | Create | Villager (Male) |
| 18:23 | Research | Tech 906 |
| 18:50 | Build | Blacksmith |
| 18:56 | Create | Villager (Male) |
| 19:23 | Create | Fire Galley |
| 19:27 | Create | Fire Galley |
| 19:31 | Create | Villager (Male) |
| 19:36 | Create | Villager (Male) |
| 19:57 | Research | Double-Bit Axe |
| 20:03 | Create | Villager (Male) |
| 20:25 | Build | Market |
| 20:36 | Create | Villager (Male) |
| 20:47 | Create | Fire Galley |
| 21:32 | Build | House |
| 21:34 | Research | Castle Age |
| 22:57 | Create | Fishing Ship |
| 22:57 | Create | Fishing Ship |
| 23:47 | Build | Farm |
| 23:48 | Build | Farm |
| 23:50 | Build | Farm |
| 23:52 | Build | Farm |
| 24:12 | Research | Fletching |
| 24:14 | Age | Castle Age |
Match timeline
| 0:53 | Loki · first_building Dock |
| 1:31 | 不吃五花肉 · first_building Dock |
| 1:35 | Fujitora · first_building Dock |
| 1:43 | 在里面 · first_building Dock |
| 1:59 | newkenneth17 · first_building Dock |
| 4:07 | ULG_1 · first_building Dock |
| 6:03 | Luftwaffe · first_building Dock |
| 9:36 | newkenneth17 · wall_segment Palisade Wall x8 |
| 10:18 | Luftwaffe · wall_segment Palisade Wall x6 |
| 10:48 | Luftwaffe · wall_segment Palisade Wall x2 |
| 10:51 | Luftwaffe · wall_segment Palisade Wall x3 |
| 11:50 | newkenneth17 · wall_segment Palisade Wall x9 |
| 12:00 | Luftwaffe · wall_segment Palisade Wall x7 |
| 12:25 | Luftwaffe · wall_segment Palisade Wall x9 |
| 13:11 | Kirito Wizard · first_building Dock |
| 13:38 | Luftwaffe · wall_segment Palisade Wall x4 |
| 13:56 | Luftwaffe · wall_segment Palisade Wall x3 |
| 13:57 | Luftwaffe · wall_segment Palisade Wall x2 |
| 13:58 | Luftwaffe · wall_segment Palisade Wall x1 |
| 14:00 | Luftwaffe · wall_segment Palisade Wall x1 |
| 14:00 | Luftwaffe · wall_segment Palisade Wall x1 |
| 14:20 | Loki · age_up feudal |
| 14:20 | 不吃五花肉 · age_up feudal |
| 14:53 | newkenneth17 · wall_segment Palisade Wall x6 |
| 14:53 | newkenneth17 · wall_segment Palisade Wall x1 |
| 15:02 | newkenneth17 · age_up feudal |
| 15:03 | Luftwaffe · wall_segment Palisade Wall x5 |
| 15:11 | Luftwaffe · wall_segment Palisade Wall x16 |
| 15:12 | newkenneth17 · wall_segment Stone Wall x9 |
| 15:32 | newkenneth17 · first_building Barracks |
| 15:34 | Luftwaffe · wall_segment Palisade Wall x11 |
| 15:50 | ULG_1 · age_up feudal |
| 15:54 | Kirito Wizard · age_up feudal |
| 15:54 | Fujitora · age_up feudal |
| 16:14 | newkenneth17 · wall_segment Stone Wall x8 |
| 16:17 | newkenneth17 · wall_segment Stone Wall x4 |
| 16:21 | 在里面 · age_up feudal |
| 16:52 | newkenneth17 · wall_segment Palisade Wall x3 |
| 17:06 | Loki · first_building Barracks |
| 17:10 | Luftwaffe · age_up feudal |
| 17:11 | Fujitora · first_building Barracks |
| 17:53 | 不吃五花肉 · age_up castle |
| 19:14 | Kirito Wizard · first_market_buy 100 food |
| 19:20 | ULG_1 · first_market_sell 100 food |
| 19:21 | ULG_1 · first_market_buy 100 wood |
| 19:21 | newkenneth17 · first_market_buy 100 wood |
| 20:16 | 不吃五花肉 · first_building Barracks |
| 20:35 | ULG_1 · age_up castle |
| 21:15 | newkenneth17 · age_up castle |
| 21:17 | 不吃五花肉 · wall_segment Stone Wall x7 |
| 21:24 | newkenneth17 · first_building Castle |
| 21:31 | Kirito Wizard · first_building Barracks |
| 21:36 | newkenneth17 · wall_segment Stone Wall x5 |
| 21:40 | 在里面 · resign |
| 22:06 | Loki · age_up castle |
| 22:10 | Kirito Wizard · age_up castle |
| 22:53 | 不吃五花肉 · wall_segment Stone Wall x3 |
| 24:14 | Luftwaffe · age_up castle |
[ AI ANALYSIS · 1 CREDIT ]
What really happened in this match?
Wolo.gg analyzes every decision: build order, eco, micro, common mistakes by bracket. Personalized analysis on WhatsApp or Discord in 30 seconds.
Civ guide
Huns
Perfil
Jugador #2495621